 Dungeon Crawl Stone Soup version 0.18.1-6-gd335043 (webtiles) character file.

951 Jerry the Firebug (level 7, -2/50 HPs)
             Began as a Demigod Wizard on May 18, 2016.
             Slain by a killer bee (3 damage)
             ... on level 7 of the Dungeon.
             The game lasted 01:09:45 (7738 turns).

Jerry the Firebug (Demigod Wizard)                  Turns: 7738, Time: 01:09:45

Health: -2/50      AC: 10    Str: 10      XL:     7   Next: 59%
Magic:  14/14      EV: 12    Int: 31      God:
Gold:   255        SH:  0    Dex: 13 (14) Spells: 5 memorised, 0 levels left

rFire  + . .     SeeInvis .     G - +2 spear (pierce)
rCold  + . .     Gourm    .     F - +2 robe {MR+}
rNeg   . . .     Faith    .     (no shield)
rPois  +         Spirit   .     D - +2 hat
rElec  +         Dismiss  .     q - +0 cloak
rCorr  +         Reflect  .     n - +0 pair of gloves
SustAt +         Harm     .     (no boots)
MR     +....     Rnd*Rage +     H - amulet of magic regeneration
Stlth  ++........               (no ring)
                                (no ring)

@: brilliant, lethally poisoned (-2 -> -10), resistant, somewhat resistant to
hostile enchantments, unstealthy
A: thin metallic scales 1, berserk 2, high mp 1, slow regeneration 1, sustain
attributes
a: no special abilities


You were on level 7 of the Dungeon.
You were hungry.

You visited 1 branch of the dungeon, and saw 7 of its levels.

You collected 255 gold pieces.

Inventory:

Hand Weapons
 G - a +2 spear of piercing (weapon)
Armour
 n - a +0 pair of gloves (worn)
 q - a +0 cloak (worn)
 D - a +2 hat (worn)
 F - a +2 robe of magic resistance (worn)
Jewellery
 H - an amulet of magic regeneration (around neck)
Wands
 e - a wand of flame (22/48)
 i - a wand of slowing (22/48)
 s - a wand of random effects (26/48)
 v - a wand of flame (20/48)
 y - a wand of flame (36/48)
 C - a wand of slowing (27/48)
 K - a wand of flame (14/48)
Scrolls
 a - a scroll of fog {unknown}
 g - 2 scrolls of teleportation
 h - 4 scrolls of remove curse
 j - 7 scrolls of identify {unknown}
 o - a scroll of enchant weapon {unknown}
 p - a scroll of immolation {unknown}
 x - 3 scrolls of noise {unknown}
 E - a scroll of magic mapping {unknown}
 J - a scroll of recharging {unknown}
Potions
 f - a potion of degeneration
 r - 2 potions of flight {unknown}
 t - a potion of agility {unknown}
 u - 2 potions of berserk rage {unknown}
 w - 2 potions of heal wounds {unknown}
 A - 2 potions of lignification {unknown}
Books
 c - a book of Minor Magic

   Spells                             Type                      Level
   a - Magic Dart                     Conjuration                  1
   b - Blink                          Translocation                2
   c - Call Imp                       Summoning                    2
   d - Repel Missiles                 Charms/Air                   2
   e - Slow                           Hexes                        2
   f - Conjure Flame                  Conjuration/Fire             3
   g - Mephitic Cloud                 Conjuration/Poison/Air       3
Miscellaneous
 B - a plain deck of summoning
Comestibles
 d - 3 bread rations
 l - 4 beef jerkies
 z - 2 meat rations
 I - a chunk of flesh


   Skills:
 - Level 1.7 Dodging
 - Level 1.7 Stealth
 - Level 2.6 Spellcasting
 - Level 4.1 Conjurations
 + Level 4.7 Summonings
 - Level 0.8 Translocations
 - Level 4.9 Fire Magic
 + Level 0.3 Air Magic


You couldn't memorise any spells.
You knew the following spells:

 Your Spells              Type           Power        Failure   Level  Hunger
a - Magic Dart            Conj           ####         1%          1    None
b - Call Imp              Summ           ######..     1%          2    #......
c - Conjure Flame         Conj/Fire      ######..     1%          3    ###....
d - Blink                 Tloc           N/A          1%          2    #......
e - Mephitic Cloud        Conj/Pois/Air  ####....     1%          3    ###....


Dungeon Overview and Level Annotations

Branches:
Dungeon (7/15)
 Temple: D:4-7

Shops:
D:5 *   D:7 *


Innate Abilities, Weirdness & Mutations

You have an increased reservoir of magic (+10% MP).
Your attributes are resistant to harm.
You are partially covered in thin metallic scales (AC +2).
You often lose your temper in combat.
You regenerate slowly when monsters are visible.


Message History

Drink which item? (? for menu, Esc to quit)
It was a potion of brilliance.
You feel clever all of a sudden. The killer bee barely misses you.
Drink which item? (? for menu, Esc to quit)
It was a potion of mutation.
You feel extremely strange.
You feel angry.
Thin metallic scales grow over part of your body.
You are feeling hungry.
* * * LOW HITPOINT WARNING * * *
You feel sick.
The killer bee stings you but does no damage.
The killer bee misses you.
Drink which item? (? for menu, Esc to quit)
It was a potion of resistance.
You feel protected.
* * * LOW HITPOINT WARNING * * *
You feel sick. The killer bee barely misses you.
The killer bee completely misses you. The killer bee stings you.
You die...

#..# #.###..##
......####
#....#.# ###
#....#.# #.#
######..#.#.###.#
#....#..#.5...#.#
#...y#..##).....#
#...@yS.......#.#
#...y#####†.###.#
#....#####..# #.#
##'#...)##...##.#
#.#....###..##.#
####.#....#
#..##..
#....#....# #...
## #....'....#
##..#
######...##....#
..#


You could see 3 killer bees and an adder.

Vanquished Creatures
  Duvessa (D:6)
  Dowan (D:6)
  2 gnolls
  2 adders (D:2)
  A shadow imp (D:5)
  An ooze (D:1)
  A worm (D:4)
  3 dart slugs (D:1)
  7 giant geckos
  2 orcs
  6 bats
  5 giant cockroaches
  10 goblins
  11 hobgoblins
  A ball python (D:1)
  5 giant newts
  8 kobolds
  4 rats
  A fungus (D:2)
72 creatures vanquished.

Vanquished Creatures (collateral kills)
  2 sky beasts (D:6)
  3 ogres
  A centaur (D:6)
  A giant frog (D:6)
  Blork the orc (D:4)
  A scorpion (D:7)
  A killer bee (D:7)
  A jelly (D:5)
  3 hounds
  Crazy Yiuf (D:2)
  7 orc priests
  2 iguanas
  2 orc wizards
  Terence (D:2)
  2 worker ants
  Robin (D:2)
  A worker ant zombie (D:5)
  A gnoll (D:4)
  2 adders
  4 worms
  A dart slug (D:3)
  A giant gecko (D:5)
  4 orcs
  A bat (D:3)
  A giant cockroach (D:2)
  3 goblins
  A hobgoblin (D:2)
  2 kobolds (D:3)
  A quokka (D:2)
  A rat (D:3)
54 creatures vanquished.

Grand Total: 126 creatures vanquished

Notes
Turn   | Place    | Note
--------------------------------------------------------------
     0 | D:1      | Jerry the Demigod Wizard began the quest for the Orb.
     0 | D:1      | Reached XP level 1. HP: 14/14 MP: 6/6
    33 | D:1      | Reached skill level 1 in Conjurations
   528 | D:1      | Reached XP level 2. HP: 13/20 MP: 2/8
   532 | D:1      | Learned a level 2 spell: Call Imp
   610 | D:1      | Reached skill level 1 in Summonings
   956 | D:1      | Reached XP level 3. HP: 26/26 MP: 3/9
  1445 | D:2      | Learned a level 3 spell: Conjure Flame
  1526 | D:2      | Noticed Robin
  2012 | D:2      | Reached XP level 4. HP: 33/33 MP: 8/10
  2016 | D:2      | Learned a level 2 spell: Blink
  2037 | D:2      | Noticed Terence
  2053 | D:2      | Killed Terence
  2500 | D:2      | Reached skill level 1 in Fire Magic
  2602 | D:2      | Found a blossoming altar of Fedhas.
  2734 | D:2      | Killed Robin
  2938 | D:2      | Noticed Crazy Yiuf
  2962 | D:2      | Killed Crazy Yiuf
  3141 | D:3      | You fall through a shaft for 2 floors!
  3141 | D:5      | Entered Level 5 of the Dungeon
  3303 | D:4      | Found a sparkling altar of Nemelex Xobeh.
  3303 | D:4      | Found a stormy altar of Qazlal.
  3403 | D:3      | Reached XP level 5. HP: 38/38 MP: 5/11
  3456 | D:3      | Found a sacrificial altar of Ru.
  4023 | D:4      | Found a snail-covered altar of Cheibriados.
  4253 | D:4      | Noticed Blork the orc
  4368 | D:4      | Found a sparkling altar of Nemelex Xobeh.
  4491 | D:4      | Killed Blork the orc
  4872 | D:5      | Noticed an ogre
  4889 | D:5      | Killed an ogre
  4889 | D:5      | Reached XP level 6. HP: 45/45 MP: 3/13
  5157 | D:5      | Found Dihoffyk's General Store.
  5176 | D:5      | Found a sacrificial altar of Ru.
  6381 | D:6      | Reached XP level 7. HP: 50/50 MP: 10/14
  6387 | D:6      | Gained mutation: You regenerate slowly when monsters are visible. [mutagenic meat]
  6388 | D:6      | Gained mutation: You tend to lose your temper in combat. [mutagenic meat]
  6422 | D:6      | Noticed Dowan
  6428 | D:6      | Noticed Duvessa
  6773 | D:6      | Killed Duvessa
  6780 | D:6      | Killed Dowan
  6983 | D:6      | Found an ancient bone altar of Kikubaaqudgha.
  6983 | D:6      | Found a deep blue altar of Sif Muna.
  7040 | D:6      | Learned a level 3 spell: Mephitic Cloud
  7478 | D:6      | Found a radiant altar of Vehumet.
  7478 | D:6      | Found an iron altar of Okawaru.
  7550 | D:7      | Found Fuytt's Assorted Antiques.
  7737 | D:7      | Gained mutation: You often lose your temper in combat. [potion of mutation]
  7737 | D:7      | Gained mutation: You are partially covered in thin metallic scales (AC +2). [potion of mutation]
  7737 | D:7      | HP: 2/50 [poisoned by a killer bee]
  7738 | D:7      | Slain by a killer bee

Skill      XL: |  1  2  3  4  5  6  7 |
---------------+----------------------+-----
Conjurations   | 2 3 4 |  4.1
Summonings     | 1 2 3 4 |  4.7
Fire Magic     | 2 4 |  4.9
Dodging        | |  1.7
Stealth        | |  1.7
Spellcasting   | |  2.6
Translocations | |  0.8
Air Magic      | |  0.3

Action                   |  1- 3 |  4- 6 |  7- 9 || total
-------------------------+-------+-------+-------++-------
Melee: Dagger            |    10 |     9 |       ||    19
       Short sword       |       |    20 |       ||    20
       Quarterstaff      |       |    18 |       ||    18
       Spear             |       |    15 |    51 ||    66
Throw: Stone             |    10 |       |       ||    10
 Cast: Magic Dart        |    91 |    48 |       ||   139
       Call Imp          |     4 |    93 |    39 ||   136
       Conjure Flame     |       |     1 |       ||     1
  Use: Scroll            |       |     2 |       ||     2
       Potion            |       |       |     4 ||     4
 Stab: Distracted        |       |     3 |     2 ||     5
       Sleeping          |       |     1 |       ||     1
  Eat: Chunk             |     3 |    16 |     6 ||    25
       Pizza             |       |     1 |     1 ||     2
Armor: Robe              |     4 |    10 |    12 ||    26
Dodge: Dodged            |    21 |    34 |    33 ||    88
